AoeStats
← Secking13

Arabia

510824031Analyzed
1v1 RM · 20h ago on Oct 2, 2026· 29m 26s· 2 players
Game mode
Random Map
Map size
Tiny (2 player)
Population
200
Speed
Normal
Resources
Standard
Victory
Conquest
Starting age
Dark Age
Ending age
Imperial Age
RankedLock teamsTeams togetherTeam positionsShared explorationLock speedFull tech treeHidden civsTurbo modeCheats
Victory
Defeat
🇺🇸 Varangians · United States
1071
+17
🇹🇷 Burgundians · Türkiye
1096
-17
sksarthak
5:28 Loom
8:54 Feudal Age
9:26 Double-Bit Axe
15:52 Wheelbarrow
19:18 Castle Age
18:26 Bloodlines
17:59 Horse Collar
19:41 Forging
19:37 Scale Barding Armor
20:59 Iron Casting
Secking13
3:12 Loom
9:44 Feudal Age
9:10 Double-Bit Axe
12:13 Horse Collar
20:14 Castle Age
18:25 Gold Mining
19:38 Forging
19:33 Scale Barding Armor
19:20 Fletching
19:30 Padded Archer Armor
19:57 Heavy Plow
20:09 Bow Saw
20:09 Stone Mining
20:31 Cavalier
22:50 Iron Casting
26:21 Squires
27:26 Pikeman
Connection lost

Rejoining the realm…

Still unreachable

The connection could not be restored.

Session expired

The server has moved on; the page needs a fresh start.